 Dungeon Crawl Stone Soup version 0.25-a0-707-g603da076d2 (webtiles) character file.

Game seed: 15865706952194393080, levelgen mode: deterministic

62178 Rotter5 the Fighter (level 14, -1/118 HPs)
             Began as a Grey Draconian Ice Elementalist on Apr 3, 2020.
             Was a High Priest of Sif Muna.
             Succumbed to a swamp dragon's poison gas
             ... on level 3 of the Swamp on Apr 4, 2020.
             The game lasted 02:18:49 (40532 turns).

Rotter5 the Fighter (DrIE)                         Turns: 40532, Time: 02:18:49

Health: -1/118     AC: 19    Str: 18    XL:     14   Next: 63%
Magic:  5/26       EV: 16    Int: 20    God:    Sif Muna [*****.]
Gold:   596        SH:  7    Dex: 11    Spells: 4/29 levels left

rFire    . . .     SeeInvis .   U - +6 hand axe of Infinite Pain {holy, rElec rN+}
rCold    + + .     Gourm    .   T - +3 buckler
rNeg     + + .     Faith    .   (armour unavailable)
rPois    .         Spirit   .   (helmet restricted)
rElec    +         Reflect  .   W - +2 cloak {+Inv}
rCorr    .         Harm     .   G - +2 pair of gloves
MR       +....                  (no boots)
Stlth    ++++......             H - amulet of rage
HPRegen  0.29/turn              S - ring of Gooblaf {rC++ rN+}
MPRegen  0.20/turn              r - +6 ring of strength

@: lethally poisoned (-1 -> -24), very slightly contaminated, slowed, lightly
drained, very slow
A: walk through water, unfitting armour, unbreathing, cold-blooded, AC +13
a: Channel Magic, Forget Spell, Divine Exegesis, Renounce Religion, Evoke
Berserk Rage, Evoke Invisibility


You were on level 3 of the Swamp.
You worshipped Sif Muna.
Sif Muna was extremely pleased with you.
You were not hungry.

You visited 6 branches of the dungeon, and saw 26 of its levels.

You collected 1596 gold pieces.
You spent 1000 gold pieces at shops.

Inventory:

Hand Weapons
 M - a +2 hunting sling of flaming
 N - the +4 broad axe of Fate {freeze, Dex+6 SInv Stlth-}
   (You found it on level 9 of the Dungeon)

   It has been specially enchanted to freeze those struck by it, causing extra
   injury to most foes and up to half again as much damage against particularly
   susceptible opponents.
   It can also slow down cold-blooded creatures.
   It affects your dexterity (+6).
   It lets you see invisible.
   It makes you less stealthy.
 U - the +6 hand axe of Infinite Pain (weapon) {holy, rElec rN+}
   (You took it off an orc warrior on level 9 of the Dungeon)

   It has been blessed by the Shining One to cause great damage to the undead
   and demons.
   It insulates you from electricity.
   It protects you from negative energy.
 X - the +6 spear "Wioclyba" {freeze, rElec rN++}
   (You took it off a centaur warrior on level 13 of the Dungeon)

   It has been specially enchanted to freeze those struck by it, causing extra
   injury to most foes and up to half again as much damage against particularly
   susceptible opponents.
   It can also slow down cold-blooded creatures.
   It insulates you from electricity.
   It greatly protects you from negative energy.
 Y - a +5 dagger of venom
Missiles
 g - 131 sling bullets
 i - 409 arrows
 m - 8 curare-tipped darts (quivered)
 B - 81 poisoned darts
 C - 8 silver boomerangs
Armour
 G - a +2 pair of gloves (worn)
 T - a +3 buckler (worn)
 W - a +2 cloak of invisibility (worn)
Magical Staves
 n - an uncursed staff of summoning
Jewellery
 d - an uncursed ring of see invisible
 r - a +6 ring of strength (right hand)
 H - an amulet of rage (around neck)
 I - an uncursed ring of protection from magic
 S - the ring of Gooblaf (left hand) {rC++ rN+}
   (You found it on level 5 of the Dungeon)

   [ring of positive energy]

   It greatly protects you from cold.
   It protects you from negative energy.
Wands
 f - a wand of paralysis (2)
 p - a wand of enslavement (8)
 y - a wand of iceblast (13)
 D - a wand of disintegration (37)
 K - a wand of scattershot (12)
 L - a wand of digging (14)
 R - a wand of acid (10)
 Z - a wand of polymorph (4)
Scrolls
 h - a scroll of noise {unknown}
 j - 4 scrolls of immolation
 o - 7 scrolls of magic mapping
 q - 16 scrolls of remove curse
 z - a scroll of identify
 F - 4 scrolls of teleportation
 J - a scroll of acquirement {unknown}
 V - a scroll of enchant armour
Potions
 a - 3 potions of haste
 c - a potion of degeneration {unknown}
 e - a potion of cancellation {unknown}
 l - a potion of heal wounds
 s - a potion of brilliance {unknown}
 t - 4 potions of stabbing
 u - 2 potions of ambrosia
 v - 6 potions of might
 x - 3 potions of magic
 A - 2 potions of invisibility
 E - 5 potions of lignification
 O - a potion of resistance {unknown}
 P - a potion of mutation {unknown}
Comestibles
 b - 20 rations


   Skills:
 - Level 9.3(9.2) Fighting
 - Level 0.3(0.2) Short Blades
 + Level 5.1 Axes
 - Level 3.1(3.2) Slings
 - Level 1.2(2.2) Throwing
 + Level 8.6(8.5) Dodging
 + Level 8.8(8.7) Stealth
 - Level 4.0 Shields
 + Level 8.4(8.3) Spellcasting
 + Level 8.4(8.3) Conjurations
 + Level 6.6(6.5) Hexes
 - Level 8.5(8.4) Summonings
 - Level 4.0 Translocations
 - Level 7.2(7.1) Ice Magic
 - Level 4.0(3.9) Air Magic
 - Level 4.0(3.9) Poison Magic
 - Level 2.1(2.0) Invocations
 - Level 6.2 Evocations


You had 4 spell levels left.
You knew the following spells:

 Your Spells              Type           Power        Failure   Level  Hunger
a - Freeze                Ice            ####         1%          1    None
b - Frozen Ramparts       Ice            #####.       1%          3    None
c - Hailstorm             Conj/Ice       #####...     3%          4    ###....
d - Summon Ice Beast      Ice/Summ       #####...     3%          4    ###....
e - Blink                 Tloc           N/A          2%          2    None
f - Mephitic Cloud        Conj/Pois/Air  ####....     2%          3    None
g - Corona                Hex            ####...      1%          1    None
h - Tukima's Dance        Hex            ####....     1%          3    None
i - Cause Fear            Hex            ####......   5%          4    ###....

Your spell library contained the following spells:

 Spells                   Type           Power        Failure   Level  Hunger
 Magic Dart               Conj           ####         1%          1    None
 Shock                    Conj/Air       ####         1%          1    None
 Call Imp                 Summ           #####...     1%          2    None
 Ensorcelled Hibernation  Hex/Ice        #####.       1%          2    None
 Searing Ray              Conj           #####.       1%          2    None
 Slow                     Hex            ####....     1%          2    None
 Confusing Touch          Hex            ####....     1%          3    None
 Dazzling Flash           Conj/Hex       #####.       1%          3    None
 Static Discharge         Conj/Air       ####....     1%          3    None
 Portal Projectile        Hex/Tloc       ####..       2%          3    None
 Fulminant Prism          Conj/Hex       #####.....   3%          4    ###....
 Conjure Flame            Conj/Fire      ####....     4%          3    None
 Stone Arrow              Conj/Erth      ####..       4%          3    None
 Swiftness                Chrm/Air       ###.....     5%          2    None
 Ozocubu's Armour         Chrm/Ice       ###.....     5%          3    None
 Inner Flame              Hex/Fire       ###.....     6%          3    None
 Iskenderun's Mystic Bla  Conj/Tloc      ####....     6%          4    ###....
 Animate Skeleton         Necr           N/A          9%          1    None
 Beastly Appendage        Tmut           #.....       9%          1    None
 Pain                     Necr           #...         9%          1    None
 Sandblast                Erth           #.....       9%          1    None
 Spider Form              Tmut/Pois      ###.......   11%         3    None
 Passwall                 Tmut/Erth      #.......     12%         2    None
 Sticks to Snakes         Tmut           #.......     12%         2    None
 Sticky Flame             Conj/Fire      ####....     14%         4    ###....
 Airstrike                Air            ###.......   16%         4    ###....
 Ice Form                 Ice/Tmut       ###.....     19%         4    ###....
 Leda's Liquefaction      Hex/Erth       ###.......   22%         4    ###....
 Vampiric Draining        Necr           #.........   24%         3    None
 Animate Dead             Necr           N/A          63%         4    ###....
 Petrify                  Tmut/Erth      #.......     63%         4    ###....
 Lightning Bolt           Conj/Air       ####......   19%         5    #####..
 Silence                  Hex/Air        ####......   26%         5    #####..
 Shadow Creatures         Summ           N/A          36%         6    ######.
 Iskenderun's Battlesphe  Conj/Chrm      ####....     38%         5    #####..
 Bolt of Magma            Conj/Fire/Erth ###.......   58%         5    #####..
 Darkness                 Hex            ####......   65%         6    ######.
 Conjure Ball Lightning   Conj/Air       ####......   71%         6    ######.
 Spellforged Servitor     Conj/Summ      #####.....   91%         7    #######
 Agony                    Necr           #.......     92%         5    #####..
 Blade Hands              Tmut           #.........   92%         5    #####..
 Borgnjor's Vile Clutch   Necr/Erth      #.........   92%         5    #####..
 Lee's Rapid Deconstruct  Erth           #.........   92%         5    #####..
 Iron Shot                Conj/Erth      ####......   92%         6    ######.
 Orb of Destruction       Conj           #####.....   92%         7    #######


Dungeon Overview and Level Annotations

Branches:
Dungeon (14/15)            Temple (1/1) D:6            Lair (6/6) D:11
  Swamp (3/4) Lair:2       Spider (1/4) Lair:3        Slime (1/5) Lair:5
    Orc (0/2) D:12         Vaults (0/5) D:13

Altars:
Ashenzari
Cheibriados
Dithmenos
Elyvilon
Fedhas
Gozag
Hepliaklqana
Kikubaaqudgha
Makhleb
Nemelex Xobeh
Okawaru
Qazlal
Ru
Sif Muna
Trog
Uskayaw
Vehumet
Wu Jian
Xom
Yredelemnul
Zin
The Shining One
Beogh

Shops:
D:4 :   Swamp:2 *

Annotations:
Lair:4 exclusion: 4 oklob plants
Lair:6 2 runed translucent doors
Swamp:3 Kirke


Innate Abilities, Weirdness & Mutations

You can walk through water.
Your dull iron-grey scales are very hard. (AC +13)
You cannot fit into any form of body armour.
You can survive without breathing.
You are cold-blooded and may be slowed by cold attacks.


Message History

You are poisoned.
* * * LOW HITPOINT WARNING * * *
You are engulfed in poison gas.
You are more poisoned.
* * * LOW HITPOINT WARNING * * *
x2 You feel very sick.
The ghost crab breathes spectral mist at you.
The spectral mist engulfs the swamp dragon but does no damage.
You feel better.
You are engulfed in poison gas.
You are poisoned.
* * * LOW HITPOINT WARNING * * *
You feel sick. You block the swamp dragon's attack.
The swamp dragon misses you.
The swamp dragon tramples you but does no damage.
As you read the scroll of fear, it crumbles to dust.
You assume a fearsome visage.
The swamp dragon looks frightened!
The ghost crab is unaffected.
You are engulfed in poison gas.
You are lethally poisoned!
* * * LOW HITPOINT WARNING * * *
You die...

≈≈. ♣♣≈≈≈≈.♣ ♣♣≈♣...♣≈. ≈≈.≈. ...
♣≈...≈♣♣ ♣..†.≈... .≈..t≈ ..
♣...♣≈♣ ♣♣..≈≈≈≈. ...≈≈. ≈≈
♣.≈.♣♣♣♣♣♣♣.≈≈≈≈..# .≈....
.♣♣♣♣..≈♣♣♣≈≈.≈.≈≈≈..≈# .....♣♣♣♣
..≈♣...<♣♣≈.≈≈≈.≈.)...'
..≈≈.♣..♣♣..♣♣.♣♣..)♣=≈≈§......≈#
...♣...♣..♣♣ ♣.°°°..).<≈≈....≈..#
..♣♣≈.♣.♣♣.♣♣♣♣♣@○♣♣≈...♣≈≈.≈♣♣.≈
.≈...♣.♣♣♣♣.♣♣.D♣♣♣♣♣♣♣♣♣♣♣......
.○☼.♣♣D♣ ♣♣.♣t°♣☼♣♣♣♣♣♣ ♣♣♣.≈≈≈≈
..♣.♣♣♣°♣♣.♣.♣○♣♣☼♣♣..♣♣♣♣≈.≈≈≈≈≈
.♣.♣♣♣♣♣D.♣..♣♣♣♣...♣♣.≈≈≈≈≈≈≈≈≈≈
☼○..♣♣k.♣♣♣♣♣.♣♣.♣....≈≈≈≈≈≈≈≈..≈
n.○n○t♣♣°♣ ♣♣♣..♣♣≈♣♣.≈≈≈≈≈≈≈≈≈..
♣☼☼♣§♣♣ ♣Z.♣...♣♣♣♣.♣≈≈≈≈≈≈≈≈≈≈.≈
Z☼♣♣.♣ .♣.♣♣.♣♣ ♣.≈≈≈......≈♣♣


You could see a swamp dragon (fleeing) and a ghost crab.

Vanquished Creatures
  Rupert (Lair:4)
  A vault guard (D:13)
  A shambling mangrove (Swamp:2)
  A hydra (Swamp:2)
  A centaur warrior (D:13)
  2 alligators
  Urug (Lair:3)
  5 unseen horrors
  A lindwurm (Lair:6)
  2 wizards (D:13)
  The ghost of zkyp the Skirmisher, a novice DsAM of Qazlal (D:9)
  2 necromancers
  2 cyclopes (D:12)
  A deep elf mage (D:12)
  2 ugly things
  3 black mambas (Lair:6)
  An elephant (Lair:4)
  Maurice (D:11)
  A gargoyle (D:13)
  2 molten gargoyles (Lair:6)
  The ghost of bmj180 the Conjurer, a novice DrCj (D:5)
  11 spiny frogs
  A torpor snail (Lair:4)
  The ghost of kae the Ruffian, a novice DrTm (D:5)
  The ghost of emiel the Insei, a novice DsFi (D:5)
  2 komodo dragons (Lair:6)
  A komodo dragon (shapeshifter) (D:13)
  2 trolls
  A queen bee (D:11)
  2 tyrant leeches
  2 hornets
  A hippogriff (Lair:5)
  9 blink frogs
  3 slime creatures
  10 dream sheep
  The ghost of VincentAMV the Cudgeler, an amateur GrFi of Zin (D:5)
  A shapeshifter (D:13)
  5 wyverns
  A wraith (D:13)
  2 shadows
  2 hogs (Swamp:3)
  17 yaks
  3 hungry ghosts
  A golden eye (Lair:5)
  3 basilisks
  2 vampire mosquitoes
  18 humans (D:13)
  4 insubstantial wisps
  A soldier ant (D:13)
  A warg (D:12)
  A swamp worm (Swamp:2)
  A hell hound (Lair:6)
  2 swamp drakes
  5 water moccasins
  10 ice beasts
  6 porcupines
  8 orc warriors
  A black bear (D:7)
  A phantom (D:5)
  An eye of draining (Lair:5)
  3 necrophages (D:11)
  A sky beast (D:5)
  7 ogres
  15 wolves
  5 centaurs
  5 crocodiles
  3 big kobolds
  Blork the orc (D:5)
  15 bullfrogs
  A wyvern zombie (D:8)
  A wyvern skeleton (D:8)
  A water moccasin zombie (D:10)
  5 scorpions
  13 killer bees
  10 wights
  5 howler monkeys
  4 crimson imps
  A bullfrog zombie (D:10)
  A centaur zombie (D:12)
  17 orc wizards
  8 hounds
  14 orc priests
  A bullfrog skeleton (D:5)
  3 centaur skeletons
  5 iguanas
  8 worker ants
  2 killer bee zombies
  A crocodile zombie (Swamp:3)
  A hound skeleton (D:8)
  A worker ant zombie (D:5)
  A howler monkey skeleton (D:6)
  13 adders
  A shadow imp (D:10)
  2 adder skeletons (D:4)
  A worm (D:4)
  3 dart slugs
  6 leopard geckos
  73 orcs
  2 giant cockroaches
  6 goblins
  16 hobgoblins
  9 jackals
  5 quokkas
  2 ball pythons
  8 bats
  4 frilled lizards
  A jackal skeleton (D:4)
  18 kobolds
  A leopard gecko skeleton (D:4)
  A leopard gecko zombie (D:8)
  A quokka zombie (D:2)
  7 rats
  A bush (Lair:2)
  3 plants (Lair:2)
521 creatures vanquished.

Vanquished Creatures (collateral kills)
  Josephine (D:13)
  4 hydras
  A centaur warrior (D:13)
  8 alligators
  A necromancer (Swamp:3)
  An ugly thing (D:13)
  A wolf spider (Lair:3)
  2 elephants (Lair:4)
  4 black mambas
  An eye of devastation (Lair:5)
  3 torpor snails (Lair:4)
  6 spiny frogs
  A molten gargoyle (Lair:6)
  A gargoyle (D:12)
  6 komodo dragons
  2 rime drakes
  A swamp worm zombie (Swamp:3)
  6 hornets
  2 tyrant leeches
  2 bog bodies (Swamp:3)
  9 slime creatures
  A hippogriff (D:13)
  9 dream sheep (Lair:6)
  4 spriggans
  A wraith (D:12)
  5 yaks
  3 hogs (Swamp:3)
  A human (D:13)
  4 basilisks
  A wyvern (Lair:6)
  10 vampire mosquitoes
  A steam dragon (Lair:6)
  8 swamp worms
  2 hell hounds (Lair:6)
  A water moccasin (Lair:3)
  3 porcupines
  2 swamp drakes
  A black bear (D:13)
  An orc warrior (D:12)
  3 wolves (Lair:3)
  A centaur (D:11)
  11 crocodiles
  A komodo dragon zombie (Swamp:3)
  2 bullfrogs (Lair:3)
  A water moccasin zombie (Swamp:3)
  A wight (D:12)
  4 lava snakes (Lair:6)
  A swamp drake zombie (Swamp:3)
  A swamp drake simulacrum (Swamp:3)
  An orc (D:11)
  A fungus (Lair:4)
149 creatures vanquished.

Vanquished Creatures (others)
  14 fungi
  8 plants
22 creatures vanquished.

Grand Total: 692 creatures vanquished

Notes
Turn   | Place    | Note
-------+----------+-------------------------------------------
     0 | D:1      | Rotter5 the Draconian Ice Elementalist began the quest for
                  | the Orb.
     0 | D:1      | Reached XP level 1. HP: 14/14 MP: 3/3
   248 | D:1      | Reached XP level 2. HP: 20/20 MP: 1/5
   669 | D:1      | Reached XP level 3. HP: 24/26 MP: 3/6
   722 | D:1      | Learned a level 3 spell: Frozen Ramparts
  1453 | D:2      | Found an ornate altar of the Wu Jian Council.
  1458 | D:2      | Reached XP level 4. HP: 34/34 MP: 4/7
  2165 | D:3      | Found a faded altar of an unknown god.
  2181 | D:3      | Reached skill level 1 in Fighting
  2422 | D:3      | Found a white marble altar of Elyvilon.
  2541 | D:3      | Reached XP level 5. HP: 35/40 MP: 3/9
  2542 | D:3      | Reached skill level 5 in Ice Magic
  3059 | D:4      | Reached skill level 2 in Fighting
  3102 | D:4      | Found Toabreav's Book Shoppe.
  3213 | D:4      | Reached XP level 6. HP: 48/48 MP: 6/10
  3635 | D:4      | Learned a level 4 spell: Hailstorm
  3640 | D:4      | Learned a level 4 spell: Summon Ice Beast
  3797 | D:4      | Your scales start taking on a dull iron-grey colour.
  3797 | D:4      | Reached XP level 7. HP: 56/56 MP: 8/12
  3797 | D:4      | Gained mutation: You can survive without breathing. [Grey
                  | Draconian growth]
  4036 | D:4      | Reached skill level 3 in Fighting
  4417 | D:5      | Entered Level 5 of the Dungeon
  4419 | D:5      | Found a runed translucent gate.
  4421 | D:5      | Noticed emiel's ghost (novice DsFi)
  4422 | D:5      | Found a runed translucent gate.
  4422 | D:5      | Noticed bmj180's ghost (novice DrCj)
  4422 | D:5      | Noticed kae's ghost (novice DrTm)
  4422 | D:5      | Noticed VincentAMV's ghost (amateur GrFi)
  4423 | D:5      | Found a runed translucent gate.
  4492 | D:5      | Noticed Blork the orc
  4504 | D:5      | Killed Blork the orc
  4620 | D:5      | HP: 1/57 [orc priest/divine providence (14)]
  4952 | D:5      | Reached skill level 1 in Conjurations
  4952 | D:5      | Reached skill level 1 in Summonings
  4968 | D:5      | Reached skill level 4 in Fighting
  4968 | D:5      | Reached XP level 8. HP: 59/66 MP: 7/14
  5046 | D:5      | Found a sacrificial altar of Ru.
  5732 | D:6      | Found a staircase to the Ecumenical Temple.
  5745 | Temple   | Entered the Ecumenical Temple
  5850 | Temple   | Became a worshipper of Sif Muna the Loreminder
  6296 | D:6      | Found a blossoming altar of Fedhas.
  6296 | D:6      | Found a white marble altar of Elyvilon.
  6301 | D:6      | Found a sacrificial altar of Ru.
  6305 | D:6      | Found an opulent altar of Gozag.
  6307 | D:6      | Found a hazy altar of Hepliaklqana.
  6407 | D:7      | Reached skill level 5 in Fighting
  6945 | D:7      | You fall into a shaft and drop 1 floor!
  6958 | D:8      | Reached XP level 9. HP: 40/74 MP: 11/15
  7421 | D:7      | Reached skill level 5 in Dodging
  8112 | D:8      | Reached * piety under Sif Muna
  8229 | D:8      | Reached skill level 1 in Throwing
  8583 | D:8      | Reached skill level 6 in Fighting
  8695 | D:8      | Learned a level 2 spell: Blink
  8699 | D:8      | Learned a level 3 spell: Mephitic Cloud
  9175 | D:9      | Reached skill level 1 in Poison Magic
  9500 | D:9      | Got an iridescent broad axe
  9717 | D:9      | Reached skill level 1 in Translocations
  9834 | D:9      | Found a runed translucent gate.
  9835 | D:9      | Found a runed translucent gate.
  9836 | D:9      | Found a runed translucent gate.
  9836 | D:9      | Identified the +6 hand axe of Infinite Pain {holy, rElec
                  | rN+}
  9836 | D:9      | Identified the +1 plate armour of the Aged Realms {*Drain
                  | rElec Stlth+}
  9837 | D:9      | Noticed zkyp's ghost (novice DsAM)
  9876 | D:9      | Found a roughly hewn altar of Beogh.
 10160 | D:10     | Entered Level 10 of the Dungeon
 10230 | D:10     | Reached skill level 1 in Air Magic
 10230 | D:10     | Reached XP level 10. HP: 79/84 MP: 14/17
 10659 | D:4      | Bought a book of Maledictions for 325 gold pieces
 10661 | D:4      | Learned a level 1 spell: Corona
 10803 | D:5      | Killed bmj180's ghost
 10936 | D:5      | Killed emiel's ghost
 10936 | D:5      | Reached skill level 5 in Spellcasting
 11006 | D:5      | Killed kae's ghost
 11019 | D:5      | Killed VincentAMV's ghost
 11019 | D:5      | Reached skill level 1 in Hexes
 11064 | D:5      | Got a translucent bronze ring
 11083 | D:5      | Identified the ring of Gooblaf {rC++ rN+} (You found it on
                  | level 5 of the Dungeon)
 11084 | D:5      | Identified the +4 broad axe of Fate {freeze, Dex+6 SInv
                  | Stlth-} (You found it on level 9 of the Dungeon)
 11410 | D:10     | Reached ** piety under Sif Muna
 11521 | D:10     | Reached skill level 1 in Shields
 11521 | D:10     | Reached skill level 5 in Summonings
 11550 | D:10     | Reached skill level 1 in Axes
 11815 | D:9      | Killed zkyp's ghost
 12339 | D:11     | Found a staircase to the Lair.
 12378 | D:11     | Noticed a purple ugly thing
 12411 | D:11     | Killed a purple ugly thing
 13074 | D:10     | Reached XP level 11. HP: 72/91 MP: 18/18
 13486 | D:11     | Reached *** piety under Sif Muna
 13609 | D:11     | Noticed an unseen horror
 13622 | D:11     | Killed an unseen horror
 14181 | D:12     | Noticed Maurice
 14211 | D:11     | Killed Maurice
 14340 | D:11     | Paralysed by a hornet for 3 turns
 14709 | D:12     | Noticed an unseen horror
 14736 | D:11     | Killed an unseen horror
 14736 | D:11     | Reached skill level 5 in Stealth
 14736 | D:11     | Reached skill level 1 in Invocations
 15203 | D:12     | Reached skill level 1 in Evocations
 15232 | D:12     | Reached skill level 1 in Slings
 15799 | D:12     | Reached skill level 5 in Conjurations
 16071 | D:12     | Noticed an unseen horror
 16083 | D:12     | Killed an unseen horror
 16089 | D:12     | Noticed a deep elf mage
 16113 | D:12     | Killed a deep elf mage
 16314 | D:12     | Reached **** piety under Sif Muna
 16434 | D:12     | Learned a level 3 spell: Tukima's Dance
 16516 | D:12     | Found a staircase to the Orcish Mines.
 17129 | D:13     | Noticed a centaur warrior
 17504 | D:13     | Identified the +6 spear "Wioclyba" {freeze, rElec rN++}
 17537 | D:13     | Killed a centaur warrior
 17537 | D:13     | Reached XP level 12. HP: 65/97 MP: 1/20
 18093 | D:13     | Noticed a centaur warrior
 18107 | D:13     | Killed a centaur warrior
 18873 | D:13     | Noticed a vault guard
 18891 | D:12     | Reached skill level 5 in Axes
 19436 | D:13     | Paralysed by a wizard for 4 turns
 19817 | D:13     | Reached skill level 5 in Hexes
 20088 | D:13     | Killed a vault guard
 20088 | D:13     | Reached skill level 7 in Fighting
 20154 | D:13     | Found a gate to the Vaults.
 20216 | D:14     | Noticed Josephine
 20434 | D:14     | Noticed a catoblepas
 20514 | D:13     | Killed Josephine
 20925 | D:4      | Bought a book of Power for 585 gold pieces
 21311 | Lair:1   | Entered Level 1 of the Lair of Beasts
 22234 | Lair:2   | Reached XP level 13. HP: 93/105 MP: 23/23
 22424 | Lair:2   | Found a staircase to the Swamp.
 23485 | Swamp:1  | Entered Level 1 of the Swamp
 24715 | Lair:3   | Found a hole to the Spider Nest.
 24873 | Lair:3   | Noticed Urug
 25035 | Lair:3   | Killed Urug
 25390 | Spider:1 | Entered Level 1 of the Spider Nest
 25390 | Spider:1 | Noticed an emperor scorpion
 26140 | Lair:4   | Found a snail-covered altar of Cheibriados.
 26407 | Lair:4   | Learned a level 4 spell: Cause Fear
 26692 | Lair:4   | Noticed Rupert
 26755 | Lair:4   | Killed Rupert
 26755 | Lair:4   | Reached skill level 8 in Fighting
 28291 | Lair:5   | Found a staircase to the Slime Pits.
 28658 | Lair:5   | Found a shimmering altar of Xom.
 29111 | Slime:1  | Entered Level 1 of the Pits of Slime
 29368 | Lair:6   | Entered Level 6 of the Lair of Beasts
 29823 | Lair:5   | Reached skill level 5 in Evocations
 30789 | Lair:6   | Reached ***** piety under Sif Muna
 30803 | Lair:6   | Found a large runed translucent door.
 31699 | Lair:6   | Identified Sif Muna's Volume of Poor Excuses (Sif Muna
                  | gifted it to you on level 6 of the Lair of Beasts)
 31699 | Lair:6   | Received a gift from Sif Muna
 31963 | Lair:6   | Noticed a fire dragon
 31983 | Lair:6   | Found a large runed translucent door.
 32399 | Lair:6   | Reached XP level 14. HP: 111/116 MP: 22/25
 35899 | Swamp:2  | Found Veeschyr's Island Escapes.
 35908 | Swamp:1  | Reached skill level 9 in Fighting
 36702 | Swamp:2  | Bought a scroll of teleportation for 45 gold pieces
 36702 | Swamp:2  | Bought a scroll of teleportation for 45 gold pieces
 40117 | Swamp:3  | Noticed Kirke
 40162 | Swamp:3  | Identified Sif Muna's Disquisition on Dislocation and
                  | Conjuration (Sif Muna gifted it to you on level 3 of the
                  | Swamp)
 40162 | Swamp:3  | Received a gift from Sif Muna
 40322 | Swamp:3  | Paralysed by a hornet for 1 turns
 40435 | Swamp:2  | Upgraded the game from 0.25-a0-701-gb30f108f01 to
                  | 0.25-a0-707-g603da076d2
 40532 | Swamp:3  | HP: 1/118 [swamp dragon] (6)]
 40532 | Swamp:3  | Succumbed to a swamp dragon's poison gas

Levels and vault maps discovered:
D:1:      eino_arrival_cavern_d, layout_basic, minmay_misc_feat_doors,
          minmay_tromino_i4
D:2:      layout_basic, old_standard_altar, first_ration,
          hangedman_decor_diamond_cutter, minmay_misc_feat_five
D:3:      layout_basic, chequers_ecumenical_altar_simple_redux, elyvilon_altar_4
D:4:      minmay_razor_zed, layout_rooms, serial_shops,
          nicolae_shop_temple_entry_statues_fountains
D:5:      layout_basic, gammafunk_ghost_cemetery, kennysheep_pointless_box,
          nicolae_ru_the_path_less_chosen, uniq_blork_the_orc
D:6:      layout_basic, chequers_temple_overflow_minitemple,
          minmay_temple_entry_ruins
D:7:      layout_loops_corners
D:8:      layout_basic
D:9:      layout_basic, biasface_ghost_orc_armoury
D:10:     layout_cave_pools
D:11:     layout_loops_corners, lair_entry_dummy,
          portal_ice_cave_entry_ice_beasts
D:12:     layout_roguey, erik_orc_3, david_nohive_1, grunt_ministairs_6,
          uniq_maurice
D:13:     layout_small_grid, grunt_vaults_entry_tiered
D:14:     layout_cross, einodemon_crawler_minivault, uniq_josephine
Temple:   eino_temple_rhombus
Lair:1:   layout_chaotic_city
Lair:2:   layout_loops_ring, swamp_mist, serial_forest,
          infiniplex_forest_clump_curved, infiniplex_forest_clump_long,
          infiniplex_forest_split, infiniplex_forest_clump_small,
          serial_bayou_pond_b
Lair:3:   layout_cave_shapes, spider_nest_entry_rubble, minivault_24, uniq_urug
Lair:4:   layout_layer_cave, kennysheep_snail_temple, minmay_lair_oklob_chamber,
          uniq_rupert
Lair:5:   layout_hall_layers, minmay_slime_entry_eyes, basic_altar, minivault_27
Lair:6:   cheibrodos_lair_end_hotspot, layout_big_grid,
          chequers_serial_rivers_room_b
Swamp:1:  layout_basic_swamp, evilmike_swamp_ruin_house_2
Swamp:2:  layout_basic_swamp, hangedman_swamp_ruin_wall, swamp_pool2,
          nicolae_island_escapes
Swamp:3:  layout_basic_swamp, nicolae_swamp_very_dense_foliage, swamp_pool1,
          nicolae_swamp_necromancer_hut, infiniplex_staircase_pool, uniq_kirke
Spider:1: layout_spider_delve
Slime:1:  layout_caves

Skill      XL: |  1  2  3  4  5  6  7  8  9 10 11 12 13 14 |
---------------+-------------------------------------------+-----
Stealth        | 2 3 4 5 6 8 |  8.8
Dodging        | 2 3 4 5 6 7 8 |  8.6
Fighting       | 1 2 4 5 6 7 8 9 |  9.3
Spellcasting   | 3 4 5 6 7 8 |  8.4
Ice Magic      | 5 6 7 |  7.2
Conjurations   | 1 2 4 5 6 7 8 |  8.4
Summonings     | 1 3 4 5 6 7 8 |  8.5
Throwing       | 1 |  1.2
Poison Magic   | 1 3 4 |  4.0
Translocations | 1 3 4 |  4.0
Air Magic      | 1 2 3 4 |  4.0
Hexes          | 2 4 5 6 |  6.6
Shields        | 2 4 |  4.0
Axes           | 2 4 5 |  5.1
Invocations    | 2 |  2.1
Evocations     | 2 3 5 6 |  6.2
Slings         | 2 3 |  3.1
Short Blades   | |  0.3

Action                   |  1- 3 |  4- 6 |  7- 9 | 10-12 | 13-15 || total
-------------------------+-------+-------+-------+-------+-------++-------
Melee: Dagger            |    61 |    74 |   175 |     9 |       ||   319
       Unarmed           |     1 |       |       |       |       ||     1
       Tailslap          |    10 |     8 |    16 |    70 |    85 ||   189
       Broad axe         |       |       |       |   446 |   187 ||   633
       Hand axe          |       |       |       |    41 |   400 ||   441
 Fire: Hunting sling     |       |       |       |    50 |       ||    50
Throw: Dart              |       |       |     4 |     6 |     1 ||    11
 Cast: Freeze            |    27 |    18 |    13 |     6 |    76 ||   140
       Frozen Ramparts   |     7 |    19 |    59 |    87 |    45 ||   217
       Summon Ice Beast  |       |       |       |    67 |   329 ||   396
       Mephitic Cloud    |       |       |       |     3 |     4 ||     7
       Blink             |       |       |       |     3 |     3 ||     6
       Hailstorm         |       |       |       |       |     4 ||     4
       Tukima's Dance    |       |       |       |       |     2 ||     2
       Cause Fear        |       |       |       |       |     1 ||     1
 Abil: Evoke Invisibilit |       |       |       |     2 |       ||     2
Evoke: Wand              |       |       |     2 |       |    10 ||    12
  Use: Scroll            |       |     5 |     4 |    10 |    19 ||    38
       Potion            |       |       |     1 |     4 |    13 ||    18
 Stab: Sleeping          |     1 |     4 |     2 |     2 |     1 ||    10
       Distracted        |       |       |       |     3 |     1 ||     4
  Eat: Chunk             |     3 |     6 |    18 |    30 |    37 ||    94
       Ration            |       |     1 |     2 |     8 |    16 ||    27
Armor: Skin              |    29 |    37 |   105 |   276 |   302 ||   749
Dodge: Dodged            |    62 |    67 |   157 |   610 |   659 ||  1555
Block: Buckler           |       |       |       |    81 |   372 ||   453

Table legend:
 A = Non-vault XP
 B = Vault XP
 C = Vault XP percentage of total XP
 D = Non-vault monster count
 E = Vault monster count
 F = Vault count percentage of total count
                 A         B        C        D         E       F
            +---------+---------+-------+---------+---------+-------
      Total |   62991 |   25836 |  29.1 |     514 |     151 |  22.7
            +---------+---------+-------+---------+---------+-------
        D:1 |      36 |       7 |  16.3 |      21 |       3 |  12.5
        D:2 |      60 |       0 |   0.0 |      21 |       0 |   0.0
        D:3 |     152 |       0 |   0.0 |      21 |       0 |   0.0
        D:4 |     457 |     128 |  21.9 |      32 |       6 |  15.8
        D:5 |    1259 |    1340 |  51.6 |      29 |       5 |  14.7
        D:6 |     104 |       0 |   0.0 |       6 |       0 |   0.0
        D:7 |     938 |       0 |   0.0 |      14 |       0 |   0.0
        D:8 |    1497 |       0 |   0.0 |      40 |       0 |   0.0
        D:9 |     464 |    1256 |  73.0 |      12 |      14 |  53.8
       D:10 |    2344 |     772 |  24.8 |      33 |       6 |  15.4
       D:11 |    3972 |    1343 |  25.3 |      36 |      10 |  21.7
       D:12 |    2834 |    2136 |  43.0 |      14 |      31 |  68.9
       D:13 |    7186 |    7204 |  50.1 |      25 |      25 |  50.0
     Lair:1 |    2371 |       0 |   0.0 |      14 |       0 |   0.0
     Lair:2 |    4041 |       0 |   0.0 |      22 |       0 |   0.0
     Lair:3 |    1565 |     917 |  36.9 |      16 |       2 |  11.1
     Lair:4 |    3031 |    3756 |  55.3 |      15 |       9 |  37.5
     Lair:5 |    4617 |     346 |   7.0 |      26 |       2 |   7.1
     Lair:6 |    8304 |    5045 |  37.8 |      40 |      26 |  39.4
    Swamp:1 |    5640 |       0 |   0.0 |      23 |       0 |   0.0
    Swamp:2 |    9302 |       0 |   0.0 |      38 |       0 |   0.0
    Swamp:3 |    2817 |    1586 |  36.0 |      16 |      12 |  42.9
            +---------+---------+-------+---------+---------+-------
